 Dungeon Crawl Stone Soup version 0.29.0-4-gdea44cf6ec (webtiles) character file.

Game seed: 15407232200154297373

325 qw the Chopper (level 6, -12/35 HPs)
             Began as a Tengu Warper on Aug 28, 2022.
             Was an Initiate of Okawaru.
             Mangled by an ogre
             ... wielding a +0 giant club
              (30 damage)
             ... on level 4 of the Dungeon.
             The game lasted 00:00:23 (4408 turns).

qw the Chopper (Tengu Warper)                       Turns: 4408, Time: 00:00:23

Health: -12/35     AC: 11    Str: 20    XL:     6   Next: 48%
Magic:  10/10      EV:  9    Int: 13    God:    Okawaru [......]
Gold:   276        SH:  0    Dex: 13    Spells: 9/9 levels left

rFire   . . .      SeeInvis .   Y - +4 hand axe (elec)
rCold   . . .      Faith    .   (no shield)
rNeg    . . .      Spirit   .   j - +0 chain mail
rPois   .          Reflect  .   (helmet restricted)
rElec   .          Harm     .   (no cloak)
rCorr   .          Rampage  .   a - +0 pair of gloves
Will    +....      Clarity  +   (boots unavailable)
Stlth   ..........              (no amulet)
HPRegen 0.11/turn               b - +6 ring of strength
MPRegen 0.12/turn               (no ring)

@: flying quickly and evasively, quick
A: beak, talons 3, nimble flight, iridescent scales 1, clarity, strong-willed 1,
passive freeze
a: Renounce Religion


You were on level 4 of the Dungeon.
You worshipped Okawaru.
Okawaru was noncommittal.
You visited 1 branch of the dungeon, and saw 4 of its levels.

You collected 302 gold pieces.
You spent 26 gold pieces at shops.


Innate Abilities, Weirdness & Mutations

You have a beak for a mouth.
You have claws for feet.
Your magical nature lets you fly swiftly and evasively.
You are partially covered in iridescent scales. (AC +2)
You possess an exceptional clarity of mind.
You are strong-willed. (Will+)
A frigid envelope surrounds you and freezes all who hurt you.


   Skills:
 + Level 2.0 Fighting
 - Level 7.0 Axes
 - Level 1.0 Throwing
 - Level 2.3 Armour
 - Level 2.1 Dodging
 - Level 2.0 Spellcasting
 - Level 2.4 Translocations


You had 9 spell levels left.
You didn't know any spells.
Your spell library contained the following spells:

 Spells                   Type           Power      Damage    Failure   Level
 Blink                    Tloc           14%        N/A       85%         2
 Gell's Gravitas          Tloc           7%         N/A       97%         3
 Lesser Beckoning         Tloc           7%         N/A       97%         3
 Teleport Other           Tloc           7%         N/A       97%         3
 Manifold Assault         Tloc           7%         N/A       100%        5

Inventory:

Hand Weapons
 i - a +0 flail
 Y - a +4 hand axe of electrocution (weapon)
Missiles
 m - 2 boomerangs (quivered)
Armour
 a - a +0 pair of gloves (worn)
 j - a +0 chain mail (worn)
 n - the +1 plate armour of the Hills {Dex+4}
   (You found it on level 4 of the Dungeon)

   Dex:       It affects your dexterity (+4).
Jewellery
 b - a +6 ring of strength (left hand)
 f - a ring of wizardry
Scrolls
 e - a scroll of teleportation
 h - 2 scrolls of identify
Potions
 c - a potion of ambrosia {unknown}
 d - 7 potions of curing
 g - a potion of brilliance {unknown}
 k - a potion of mutation
 l - a potion of heal wounds {unknown}

Dungeon Overview and Level Annotations

Branches:
Dungeon (4/15)             Temple (0/1) D:4

Altars:
Elyvilon
Okawaru

Shops:
D:1 ?


Message History

The sling bullet hits you but does no damage.
Found a stone staircase leading up.
Enter note:
Enter note:
Enter note:
Enter note: The goblin unwields a +0 sling.
The goblin wields a +0 dagger.
The goblin hits you but does no damage.
The goblin is very cold.
The goblin is severely wounded.
You slash the goblin!
You kill the goblin!
Okawaru accepts your kill.
Your Axes skill increases to level 7!
Things that are here:
a +0 dagger; a +0 sling; a goblin corpse You now have 276 gold pieces (gained 10).
n - the +1 plate armour of the Hills {Dex+4} An ogre comes into view.
It is wielding a +0 giant club.
Throw: 3 boomerangs
Press: ? - help, Q - select action Shift-Dir - straight line, f - ogre You throw a boomerang.
The boomerang hits the ogre.
The ogre is lightly wounded.
Throw: 3 boomerangs
Press: ? - help, Q - select action Shift-Dir - straight line, f/p - ogre You throw a boomerang.
The boomerang barely misses the ogre.
Throw: 2 boomerangs
Press: ? - help, Q - select action Shift-Dir - straight line, f/p - ogre You throw a boomerang.
The boomerang hits the ogre but does no damage.
The ogre is lightly wounded.
You barely miss the ogre.
The ogre is lightly wounded.
The ogre hits you with a +0 giant club!
You slash the ogre! You peck the ogre.
The ogre is heavily wounded.
You slash the ogre!
The ogre is almost dead.
The ogre hits you with a +0 giant club!!
Ouch! That really hurt!
You die...

#.# #.####.#
#.# #.#
#......# #.#
#.# ######.#
#.# #.#
#.######.##
#.#
#..........
#.#
########...
#.# ####
#.############
#.....@O......
###
##############
#.. ###


You could see an ogre.

Vanquished Creatures
  A scorpion (D:4)
  A hound (D:4)
  An orc priest (D:4)
  An iguana (D:4)
  An orc wizard (D:3)
  4 gnolls
  3 adders
  A worm (D:2)
  A dart slug (D:3)
  7 orcs
  A bat (D:1)
  4 endoplasms
  4 giant cockroaches
  9 hobgoblins
  2 jackals (D:1)
  5 quokkas
  9 ball pythons
  5 frilled lizards
  9 goblins
  6 kobolds
  9 rats
84 creatures vanquished.

Notes
Turn   | Place    | Note
-------+----------+-------------------------------------------
     0 | D:1      | qw the Tengu Warper began the quest for the Orb.
     0 | D:1      | Reached XP level 1. HP: 12/12 MP: 4/4
     0 | D:1      | 0 ||| qw: Version: 0.1-a-89-g26bdef1
     0 | D:1      | 0 ||| qw: Game counter: 554
     0 | D:1      | 0 ||| qw: Always use a shield: true
     0 | D:1      | 0 ||| qw: God list: Okawaru
     0 | D:1      | 0 ||| qw: Allow faded altars: false
     0 | D:1      | 0 ||| qw: Do Orc after D:15 true
     0 | D:1      | 0 ||| qw: Do second Lair branch before Depths: true
     0 | D:1      | 0 ||| qw: Lair rune preference: random
     0 | D:1      | 0 ||| qw: Plans: Normal
     0 | D:1      | 0 ||| PLANNING D:1-11
   114 | D:1      | HP: 2/12 [kobold/+0 mace (4)]
   420 | D:1      | Found a faded altar of an unknown god.
   429 | D:1      | Reached XP level 2. HP: 14/17 MP: 6/6
   431 | D:1      | Reached skill level 3 in Axes
   447 | D:1      | 447 ||| Stepping ~*~*~tactically~*~*~ (stealth).
   460 | D:1      | 460 ||| Stepping ~*~*~tactically~*~*~ (stealth).
   462 | D:1      | 462 ||| Stepping ~*~*~tactically~*~*~ (stealth).
   562 | D:1      | Found Hucs's Magic Scroll Shop.
   571 | D:1      | Reached XP level 3. HP: 21/21 MP: 7/7
   574 | D:1      | 574 ||| BUYING scroll of identify (26 gold).
   574 | D:1      | Bought a scroll of identify for 26 gold pieces
   574 | D:1      | 574 ||| SHOPLISTING scroll of identify (26 gold, have 5).
   597 | D:1      | 597 ||| Stepping ~*~*~tactically~*~*~ (stealth).
   716 | D:1      | Reached skill level 4 in Axes
  1215 | D:1      | 1215 ||| UPGRADING to +0 ring mail.
  1225 | D:1      | 1225 ||| DROPPING +0 leather armour.
  1226 | D:1      | 1226 ||| UPGRADING to +0 chain mail.
  1236 | D:1      | 1236 ||| DROPPING +0 ring mail.
  1237 | D:1      | 1237 ||| READING scroll labelled RAMIUM NYHO.
  1238 | D:1      | 1238 ||| READING scroll labelled VONIK IQ ORAX.
  1239 | D:1      | 1239 ||| READING scroll labelled KULADI BOLEFU.
  1240 | D:1      | 1240 ||| READING 2 scrolls of identify.
  1240 | D:1      | 1240 ||| IDENTIFYING grey potion
  1241 | D:1      | 1241 ||| DROPPING scroll of blinking.
  1460 | D:2      | Reached XP level 4. HP: 26/26 MP: 8/8
  2001 | D:2      | 2001 ||| READING 2 scrolls of enchant weapon.
  2001 | D:2      | 2001 ||| ENCHANTING +1 hand axe.
  2002 | D:2      | 2002 ||| READING scroll of enchant weapon.
  2002 | D:2      | 2002 ||| ENCHANTING +2 hand axe.
  2376 | D:2      | 2376 ||| DROPPING +0 mace.
  2377 | D:2      | 2377 ||| UPGRADING to +0 pair of gloves.
  2382 | D:2      | 2382 ||| UPGRADING to +6 ring of strength.
  2383 | D:2      | 2383 ||| READING scroll labelled HETIKEFOUJ.
  2387 | D:2      | 2387 ||| READING 2 scrolls of identify.
  2387 | D:2      | 2387 ||| IDENTIFYING pink potion
  2388 | D:2      | 2388 ||| DROPPING potion of lignification.
  2412 | D:3      | Reached skill level 5 in Axes
  2530 | D:3      | Found an iron altar of Okawaru.
  2543 | D:3      | Became a worshipper of Warmaster Okawaru
  2630 | D:3      | Identified the +7 sling "Nalemeom" {freeze, rN+ rCorr
                  | Stlth+}
  2740 | D:3      | 2740 ||| SWAPPING to +4 hand axe of electrocution.
  2741 | D:3      | 2741 ||| DROPPING +3 hand axe.
  2759 | D:3      | 2759 ||| Stepping ~*~*~tactically~*~*~ (stealth).
  2762 | D:3      | 2762 ||| Stepping ~*~*~tactically~*~*~ (stealth).
  2765 | D:3      | 2765 ||| Stepping ~*~*~tactically~*~*~ (stealth).
  2769 | D:3      | 2769 ||| Stepping ~*~*~tactically~*~*~ (stealth).
  2777 | D:3      | Gained mutation: Your magical nature lets you fly swiftly
                  | and evasively. [Tengu growth]
  2777 | D:3      | Reached XP level 5. HP: 11/30 MP: 9/9
  2780 | D:3      | 2780 ||| FLEEEEING.
  2781 | D:3      | 2781 ||| Stepping ~*~*~tactically~*~*~ (hiding).
  2786 | D:3      | HP: 6/30 [gnoll/+0 spear (4)]
  2884 | D:3      | 2884 ||| FLEEEEING.
  3042 | D:3      | Reached skill level 6 in Axes
  3344 | D:3      | 3344 ||| READING scroll labelled HESOYF LIONEW.
  3345 | D:3      | 3345 ||| READING scroll labelled KUERHORUIPH.
  3346 | D:3      | 3346 ||| DRINKING 2 smoky red potions.
  3346 | D:3      | Gained mutation: You possess an exceptional clarity of
                  | mind. [potion of mutation]
  3346 | D:3      | Gained mutation: You are partially covered in iridescent
                  | scales. (AC +2) [potion of mutation]
  3346 | D:3      | Gained mutation: A frigid envelope surrounds you and
                  | freezes all who hurt you. [potion of mutation]
  3346 | D:3      | Gained mutation: You are strong-willed. (Will+) [potion of
                  | mutation]
  3347 | D:3      | 3347 ||| READING 2 scrolls of identify.
  3347 | D:3      | 3347 ||| IDENTIFYING glowing orange potion
  3348 | D:3      | 3348 ||| DROPPING potion of degeneration.
  3578 | D:4      | Reached XP level 6. HP: 29/35 MP: 10/10
  3661 | D:4      | Found a staircase to the Ecumenical Temple.
  3662 | D:4      | 3662 ||| Stepping ~*~*~tactically~*~*~ (hiding).
  3807 | D:4      | Found a white marble altar of Elyvilon.
  4224 | D:4      | Reached skill level 7 in Axes
  4384 | D:4      | Identified the +1 plate armour of the Hills {Dex+4}
  4408 | D:4      | Mangled by an ogre

Levels and vault maps discovered:
D:1:      dpeg_arrival_morbid_curiosity, layout_rooms,
          ebering_ecumenical_altar_webs, serial_shops, shop,
          nicolae_concentric_dashed_squares_mild
D:2:      layout_loops_ring, grunt_decor_one_mirror
D:3:      layout_loops_ring, okawaru_ov_weapons_minmay
D:4:      layout_basic, elyvilon_altar_4, minmay_temple_entry_proselytizer,
          minmay_misc_feat_doors

Skill      XL: |  1  2  3  4  5  6 |
---------------+-------------------+-----
Axes           | 3 4 5 6 7 |  7.0
Armour         | 2 |  2.3
Fighting       | |  2.0
Throwing       | |  1.0
Dodging        | |  2.1
Spellcasting   | |  2.0
Translocations | |  2.4

Action                   |  1- 3 |  4- 6 || total
-------------------------+-------+-------++-------
Melee: Hand axe          |    58 |    92 ||   150
       Kick              |    11 |    21 ||    32
       Peck              |     5 |    13 ||    18
Throw: Boomerang         |    24 |    29 ||    53
  Use: Scroll            |     4 |     7 ||    11
       Potion            |       |     1 ||     1
Armor: Leather armour    |     5 |       ||     5
       Chain mail        |     4 |    41 ||    45
Dodge: Dodged            |    20 |    19 ||    39

Table legend:
 A = Non-vault XP
 B = Vault XP
 C = Vault XP percentage of total XP
 D = Non-vault monster count
 E = Vault monster count
 F = Vault count percentage of total count
                 A         B        C        D         E       F
            +---------+---------+-------+---------+---------+-------
      Total |     412 |      53 |  11.4 |      77 |       7 |   8.3
            +---------+---------+-------+---------+---------+-------
        D:1 |      48 |       8 |  14.3 |      21 |       5 |  19.2
        D:2 |      54 |       0 |   0.0 |      18 |       0 |   0.0
        D:3 |     133 |       0 |   0.0 |      26 |       0 |   0.0
        D:4 |     177 |      45 |  20.3 |      12 |       2 |  14.3
            +---------+---------+-------+---------+---------+-------
